[Event "*** Titled Tuesday Blitz"]
[Site "Chess.com"]
[Date "2019.01.01"]
[Round "2"]
[White "Alexander_Moskalenko"]
[Black "Caterpiller35"]
[Result "1-0"]
[WhiteElo "2832"]
[BlackElo "2407"]
[TimeControl "180+2"]
[EndTime "13:22:04 PST"]
[Termination "Alexander_Moskalenko won on time"]

1. d4 Nf6 2. Nf3 e6 3. c4 Bb4+ 4. Nbd2 c5 5. a3 Bxd2+ 6. Qxd2 cxd4 7. b4 d5 8. cxd5 Qxd5 9. Bb2 Nc6 10. Nxd4 Nxd4 11.
Qxd4 Qxd4 12. Bxd4 b6 13. f3 Bb7 14. e4 Ke7 15. Be2 Rhd8 16. Be3 Rac8 17. Kf2 Rc2 18. Rhc1 Rdc8 19. Rxc2 Rxc2 20. Rc1 Rxc1 21. Bxc1 Nd7 22.
Ke3 e5 23. h4 f6 24. a4 Bc6 25. b5 Bb7 26. Ba3+ Kf7 27. Bc4+ Ke8 28. Bg8 h6 29. Kd3 Bc8 30. Bd6 a6 31. h5 axb5 32. axb5 Nf8 33.
Bc7 Nd7 34. Kc4 Ke7 35. Bd5 f5 36. exf5 Nf6 37. Be4 Nxh5 38. Bxb6 Nf6 39. Bc5+ Kf7 40.
Bc6 Nd7 41. g4 Kf6 42. Be3 h5 43. gxh5 Kxf5 44. Be4+ Kf6 45. b6 Ba6+ 46. Kb4 Nb8 47. b7 Ke6 48. Ba7 1-0

[Event "*** Titled Tuesday Blitz"]
[Site "Chess.com"]
[Date "2019.01.01"]
[Round "2"]
[White "Hikaru"]
[Black "PulpanJ"]
[Result "1-0"]
[WhiteElo "3050"]
[BlackElo "2602"]
[TimeControl "180+2"]
[EndTime "13:22:05 PST"]
[Termination "Hikaru won by resignation"]

1. Nf3 d5 2. b3 Nf6 3. Bb2 e6 4. e3 Be7 5. c4 O-O 6. d4 b6 7. Nbd2 Bb7 8. cxd5 exd5 9. Bd3 c5 10. dxc5 bxc5 11.
O-O Nbd7 12. Rc1 Rc8 13. Re1 Re8 14. e4 dxe4 15. Nxe4 Nxe4 16. Bxe4 Bxe4 17. Rxe4 Bf6 18.
Bxf6 Nxf6 19. Qxd8 Rcxd8 20. Rxe8+ Nxe8 21. Kf1 Rd5 22. Rc4 Kf8 23. Ra4 Rd7 24. Ne5 Rc7 25. Ra6 Re7 26.
Nd3 Rc7 27. Ra5 c4 28. bxc4 Nd6 29. c5 Ne4 30. f3 Nf6 31. Nb4 Ke8 32. c6 Ke7 33. g4 h6 34. h4 Kd6 35. g5 hxg5 36. hxg5 Ng8 37. Kf2 Ne7 38. Ke3 Nxc6 39. Ra6 Kd7 40.
Nxc6 Rxc6 41. Rxa7+ Ke6 42. a4 Rc4 43. a5 Ra4 44. a6 g6 45. f4 f6 46. Ra8 Ra3+ 47.
Kd2 fxg5 48. a7 gxf4 49. Re8+ 1-0

[Event "*** Titled Tuesday Blitz"]
[Site "Chess.com"]
[Date "2019.01.01"]
[Round "2"]
[White "xpto15"]
[Black "NemtsevIgor"]
[Result "1-0"]
[WhiteElo "2178"]
[BlackElo "2305"]
[TimeControl "180+2"]
[EndTime "13:22:08 PST"]
[Termination "xpto15 won by checkmate"]

1. e4 c6 2. d4 d5 3. e5 c5 4. dxc5 Nc6 5. Bb5 e6 6. Nf3 Ne7 7. O-O Ng6 8. a3 Bxc5 9. b4 Bb6 10. Bb2 O-O 11. Nbd2 Bd7 12. Bxc6 Bxc6 13. Re1 a5 14. Nd4 axb4 15. axb4 Qc7 16. Qe2 Rxa1 17. Bxa1 Ra8 18. N2b3 Ba4 19. Bb2 Bxb3 20. Nxb3 Ra2 21. Rb1 Qc4 22.
Qxc4 dxc4 23. Nc5 c3 24. Bxc3 Rxc2 25. Bd4 Nf4 26. Kf1 Nd5 27. Nb3 Bxd4 28. Nxd4 Rd2 29. Nb5 g5 30. Nd6 b6 31. g3 h6 32. b5 Kg7 33.
Ra1 Rc2 34. Ra7 g4 35. Rxf7+ Kg6 36. Rf8 h5 37. Rd8 Rb2 38. Re8 Nb4 39. Rxe6+ Kg7 40. Nf5+ Kg8 41. Rg6+ Kf7 42. Rf6+ Kg8 43. Ne7+ Kg7 44.
Rd6 Nc2 45. Nf5+ Kf8 46. Rxb6 Rb1+ 47. Ke2 Na3 48. e6 Nxb5 49. Rb8# 1-0

[Event "*** Titled Tuesday Blitz"]
[Site "Chess.com"]
[Date "2019.01.01"]
[Round "2"]
[White "Kira170"]
[Black "swisspower96"]
[Result "1-0"]
[WhiteElo "2639"]
[BlackElo "2540"]
[TimeControl "180+2"]
[EndTime "13:22:09 PST"]
[Termination "Kira170 won by resignation"]

1. d4 d5 2. Bf4 e6 3. Nc3 Nf6 4.
e3 a6 5. g4 Bb4 6. Ne2 Nbd7 7.
a3 Bd6 8. Bxd6 cxd6 9. Nf4 b5 10. Bg2 Bb7 11. g5 Ne4 12. Nxe4 dxe4 13. h4 Nb6 14. Qg4 Qe7 15. Nh5 Rg8 16. Bxe4 O-O-O 17. O-O-O Kb8 18. Rhg1 Bxe4 19. Qxe4 d5 20. Qf4+ Ka8 21. Qe5 Rc8 22. e4 Nc4 23. Qg3 b4 24. a4 b3 25. cxb3 Na3+ 26. Kd2 Rc2+ 27. Ke1 Qb4+ 28.
Kf1 Rxb2 29. exd5 Rxb3 30. Qe5 Qc4+ 31. Kg2 Qxd5+ 32. Qxd5+ exd5 33. Nf4 Rd8 34. Rge1 Rb4 35.
Re7 Rxa4 36. Rxf7 Nb5 37. Rxg7 Rxd4 38. Rxd4 Nxd4 39. Rxh7 a5 40. g6 Nf5 41. g7 Ne7 42.
Rh8 Ng8 43. Nxd5 Kb7 44. Nc3 Kc6 45. h5 Kd7 46. h6 Nxh6 47. Rxh6 Rg8 48. Rg6 Ke7 49.
Kf3 Kf7 50. Rg1 Rxg7 51. Rxg7+ Kxg7 52. Ke4 Kf6 53. f4 Ke6 54. f5+ Kf6 55. Kf4 Kf7 56. Ke5 Ke7 57. f6+ Kf7 58. Kf5 Kf8 59. Ke6 Kg8 1-0

[Event "*** Titled Tuesday Blitz"]
[Site "Chess.com"]
[Date "2019.01.01"]
[Round "2"]
[White "catalin009"]
[Black "DrRiebert"]
[Result "0-1"]
[WhiteElo "2425"]
[BlackElo "2423"]
[TimeControl "180+2"]
[EndTime "13:22:11 PST"]
[Termination "DrRiebert won by resignation"]

1. d4 d5 2. c4 c6 3. Nf3 Nf6 4. e3 a6 5. Nbd2 b5 6. cxd5 cxd5 7. Bd3 Bg4 8. O-O e6 9. Nb3 Nbd7 10. Bd2 Bd6 11. Ba5 Qe7 12. Rc1 O-O 13. Be2 Rfc8 14.
Qd3 Bf5 15. Qd1 Ne4 16. Nbd2 Bb4 17. Bxb4 Qxb4 18. b3 Nc3 19. Qe1 Nxa2 20. Nh4 Bg6 21. Ra1 Rc2 22. Nxg6 hxg6 23. Nf3 Qxe1 24. Rfxe1 Rac8 25.
Bd1 Rb2 26. Re2 Rxe2 27. Bxe2 Nb4 28. Kf1 f6 29. Nd2 Nb8 30. f3 Kf7 31. Rd1 Nc2 32. Kf2 Nb4 33. e4 Ke7 34. Nf1 Rc3 35. Rb1 dxe4 36.
fxe4 N8c6 37. Rd1 Rxb3 38. d5 exd5 39. exd5 Ne5 40. d6+ Kd7 41. Ne3 f5 42. g3 Nf7 43.
Bf3 Nxd6 44. Rc1 Nd3+ 0-1

[Event "*** Titled Tuesday Blitz"]
[Site "Chess.com"]
[Date "2019.01.01"]
[Round "2"]
[White "attack2mateU"]
[Black "maziarbagheri"]
[Result "1-0"]
[WhiteElo "2610"]
[BlackElo "2360"]
[TimeControl "180+2"]
[EndTime "13:22:15 PST"]
[Termination "attack2mateU won by resignation"]

1. e4 e5 2. Nf3 Nc6 3. Bb5 a6 4. Ba4 Nf6 5. O-O Be7 6. Re1 b5 7. Bb3 O-O 8. a4 b4 9. d3 d6 10. a5 Rb8 11. Nbd2 Be6 12. Bxe6 fxe6 13. Nb3 Qe8 14.
d4 Nh5 15. dxe5 dxe5 16. Qe2 Rb5 17. Be3 Qg6 18. Nfd2 Nf4 19. Qf1 Nd4 20. Nxd4 exd4 21. Bxf4 Rxf4 22. g3 h5 23. Qc4 h4 24. Qxc7 Rf7 25.
Qc8+ Rf8 26. Qxa6 Rg5 27. Nf1 d3 28. Qxd3 Bc5 29. Re3 hxg3 30. hxg3 Bxe3 31. Qxe3 Rh5 32. a6 Qh7 33. g4 Rh1+ 34. Kg2 Qh4 35. Qg3 Qh6 36. a7 Ra8 37. Ra6 Kh7 38. Nh2 Rc1 39.
g5 Qh5 40. Rxe6 Rxc2 41. g6+ Kh6 42. Ng4+ Kg5 43. Re5+ Kxg6 44. Rxh5 Kxh5 1-0

[Event "*** Titled Tuesday Blitz"]
[Site "Chess.com"]
[Date "2019.01.01"]
[Round "2"]
[White "FelixBlohberger"]
[Black "GMWSO"]
[Result "0-1"]
[WhiteElo "2590"]
[BlackElo "2986"]
[TimeControl "180+2"]
[EndTime "13:22:18 PST"]
[Termination "GMWSO won on time"]

1. c4 e5 2. Nc3 Nf6 3. Nf3 Nc6 4. e3 Bb4 5. Qc2 Bxc3 6. Qxc3 Qe7 7. d4 Ne4 8. Qd3 exd4 9. Nxd4 O-O 10. Be2 Qb4+ 11.
Kf1 Qe7 12. Nb5 d6 13. Nxc7 Bf5 14. Qd5 Ne5 15. Nb5 Qh4 16. g3 Qf6 17. f4 Nc6 18. Nd4 Nxd4 19. Qxd4 Qxd4 20. exd4 Rfe8 21. Bf3 Rac8 22.
g4 Bd7 23. b3 d5 24. c5 b6 25. b4 bxc5 26. bxc5 Rb8 27. Kg2 Rb4 28.
Rd1 Ba4 29. Rd3 Bb5 30. Rd1 Ba4 31. Rd3 Bc2 32. Ra3 Rxd4 33. Rxa7 Nxc5 34. Rc7 Nd3 35. Kg3 Ba4 36. Ra7 Bc6 37. Ba3 Nxf4 38. Bc5 Rc4 39. Bd6 Ne2+ 40. Bxe2 Rxe2 41. Rc7 g5 42. Rf1 d4 43.
Rc8+ Kg7 44. h4 Rc3+ 0-1

[Event "*** Titled Tuesday Blitz"]
[Site "Chess.com"]
[Date "2019.01.01"]
[Round "2"]
[White "biostatistician"]
[Black "Pudor"]
[Result "1/2-1/2"]
[WhiteElo "2460"]
[BlackElo "2278"]
[TimeControl "180+2"]
[EndTime "13:22:18 PST"]
[Termination "Game drawn by repetition"]

1. d4 d5 2. Nf3 Nf6 3. c4 dxc4 4. e3 a6 5. Bxc4 b5 6. Be2 Bb7 7. a4 b4 8. b3 e6 9. Bb2 Nbd7 10. Nbd2 Be7 11.
O-O O-O 12. Rc1 Rc8 13. Nc4 c5 14. Nfe5 cxd4 15. Qxd4 Nc5 16. Qxd8 Rfxd8 17. Na5 Bd5 18. Bd4 Nxb3 19. Rxc8 Rxc8 20. Nxb3 Bxb3 21. Bxa6 Ra8 22. Bb5 Nd5 23. Rb1 Ba2 24. Rc1 b3 25. Bb2 Bf6 26.
Kf1 g6 27. Ke2 Nb6 28. Nd3 Be7 29. Nc5 Bxc5 30. Rxc5 Nxa4 31. Bxa4 Bb1 32. Bxb3 Rb8 33. Rc3 Ba2 34. Bxa2 Rxb2+ 35. Kf3 Rxa2 36. g4 Kg7 37. h4 Ra5 38. Kg3 h6 39. f4 Rb5 40. Ra3 Rc5 41.
g5 h5 42. Kf3 Rb5 43. Rd3 Rc5 44. Ra3 Rb5 45. Kg3 Rb1 46. Ra2 Rg1+ 47. Rg2 Re1 48.
Kf2 Rh1 49. Kg3 Re1 50. Kf2 Rh1 51. Kg3 Re1 1/2-1/2

[Event "*** Titled Tuesday Blitz"]
[Site "Chess.com"]
[Date "2019.01.01"]
[Round "2"]
[White "Doraemon7"]
[Black "jk13"]
[Result "0-1"]
[WhiteElo "2516"]
[BlackElo "2707"]
[TimeControl "180+2"]
[EndTime "13:22:19 PST"]
[Termination "jk13 won by resignation"]

1. d4 e6 2. c4 Nf6 3. g3 Bb4+ 4.
Bd2 Bxd2+ 5. Qxd2 O-O 6. Bg2 d5 7. Nf3 c6 8. O-O Nbd7 9. Rc1 b6 10. Na3 Bb7 11. cxd5 cxd5 12. Nb5 Ne4 13. Qb4 a6 14. Nc3 a5 15. Qa3 Nef6 16. Nb5 Ne4 17. Nd6 Nxd6 18. Qxd6 Nf6 19. Qc7 Ba6 20. e3 Rc8 21. Qa7 Ra8 22. Qc7 Qxc7 23. Rxc7 Rfc8 24. Rac1 Ne8 25. Rxc8 Rxc8 26.
Rxc8 Bxc8 27. Bf1 Nd6 28. Nd2 Bd7 29. Bd3 Kf8 30. Kf1 Bb5 31. Ke2 Ke7 32. Bxb5 Nxb5 33. Kd3 Kd6 34. h4 h5 35. Nf3 f6 36. Nd2 e5 37. f3 Ke6 38. a4 Nd6 39. b3 Kf5 40. dxe5 fxe5 41. Ke2 e4 42. Kf2 Ke5 43. Ke2 Nf5 44.
Kf2 Nd6 45. Ke2 Ke6 46. Kf2 Kf5 47. Ke2 exf3+ 48. Kxf3 Ne4 49. Nxe4 dxe4+ 50. Kf2 Kg4 51. Kg2 g6 0-1

[Event "*** Titled Tuesday Blitz"]
[Site "Chess.com"]
[Date "2019.01.01"]
[Round "2"]
[White "kacprekt"]
[Black "DrMelekess"]
[Result "0-1"]
[WhiteElo "2373"]
[BlackElo "2594"]
[TimeControl "180+2"]
[EndTime "13:22:19 PST"]
[Termination "DrMelekess won by resignation"]

1. d4 d5 2. c4 dxc4 3. e4 a6 4. Bxc4 e6 5. Nf3 b5 6. Bb3 Bb7 7. Qe2 Nf6 8. Bc2 c5 9. d5 exd5 10. exd5+ Be7 11. O-O O-O 12. Rd1 Bd6 13. Bg5 Nbd7 14.
Nh4 Re8 15. Qd3 g6 16. Qh3 c4 17. Nc3 Qb6 18. Be3 Bc5 19. Bxc5 Qxc5 20. d6 Rad8 21.
a3 Ne5 22. Nf5 Nd3 23. Bxd3 cxd3 24. Ne7+ Kg7 25. Rxd3 Ne4 26. Nxe4 Bxe4 27. Re3 Qxd6 28. Rxe4 Rxe7 29. Qc3+ Kg8 30. Rxe7 Qxe7 31. Re1 Qd6 32. g3 h5 33. h4 Qd5 34. Kh2 Qf5 35. Re2 Kh7 36.
Rd2 Re8 37. Rc2 Re4 38. Kg2 Rc4 39. Qxc4 bxc4 40. Rxc4 Qd5+ 0-1

[Event "*** Titled Tuesday Blitz"]
[Site "Chess.com"]
[Date "2019.01.01"]
[Round "2"]
[White "Atanejhad"]
[Black "Rashad_Zeynalli"]
[Result "0-1"]
[WhiteElo "2244"]
[BlackElo "2430"]
[TimeControl "180+2"]
[EndTime "13:22:21 PST"]
[Termination "Rashad_Zeynalli won by resignation"]

1. Nf3 Nf6 2. d4 g6 3. c4 Bg7 4.
Nc3 O-O 5. e4 d6 6. Be2 e5 7.
O-O Nc6 8. d5 Ne7 9. Ne1 Nd7 10.
Be3 f5 11. f3 f4 12. Bf2 g5 13. a4 a5 14. Nd3 b6 15. b4 Ng6 16. bxa5 Rxa5 17.
Nb5 Nf6 18. Nb4 Bd7 19. Nc6 Bxc6 20. dxc6 g4 21. Be1 Ra8 22. a5 bxa5 23. Rxa5 Rxa5 24. Bxa5 Rf7 25. c5 d5 26. exd5 gxf3 27. Rxf3 e4 28. Rf1 f3 29. gxf3 Nxd5 30. Bc4 Ngf4 31. Qe1 e3 32. Kh1 Kh8 33. Rg1 Be5 34. Qg3 Rg7 35. Qe1 Rxg1+ 36. Qxg1 Qh4 37. Qg3 Qe7 38. Qg4 Qxc5 39.
Qc8+ Kg7 40. Nxc7 Qxc4 41. Qd7+ Kh6 42. Qg4 Qf1+ 43. Qg1 Qxf3+ 0-1

[Event "*** Titled Tuesday Blitz"]
[Site "Chess.com"]
[Date "2019.01.01"]
[Round "2"]
[White "CaptainCasanova"]
[Black "BartoszSocko"]
[Result "1-0"]
[WhiteElo "2748"]
[BlackElo "2648"]
[TimeControl "180+2"]
[EndTime "13:22:23 PST"]
[Termination "CaptainCasanova won by resignation"]

1. d4 Nf6 2. c4 e6 3. Nf3 Bb4+ 4. Nbd2 a5 5. a3 Be7 6. e3 b6 7. Bd3 Bb7 8. O-O O-O 9. b3 d5 10. Bb2 Nbd7 11. Qe2 c5 12. dxc5 Nxc5 13. Bc2 a4 14. b4 Nce4 15. Nxe4 Nxe4 16. Rfd1 Qe8 17.
Bd4 Bf6 18. Bxf6 Nxf6 19. Nd4 Qe7 20. Rac1 Rfc8 21. Bd3 dxc4 22. Bxc4 Ne4 23. f3 Nd6 24. Bd3 Qg5 25. Kh1 h5 26. Nb5 Nxb5 27. Bxb5 h4 28. h3 g6 29. Rxc8+ Rxc8 30. Bxa4 Rc3 31. Rd3 Ba6 32. b5 Rc1+ 33. Rd1 Bxb5 34. Bxb5 Rxd1+ 35. Qxd1 Qxb5 36. Qd8+ Kg7 37. Qxh4 e5 38. Kh2 Qc5 39. Qe4 f5 40. Qd3 Kf6 41. Qd8+ Kg7 42.
Qd3 Kf6 43. a4 Ke6 44. Kg3 g5 45. e4 f4+ 46. Kg4 Qf2 47. Qd5+ Kf6 48. Qd6+ Kf7 49.
Kf5 Qd4 50. Qc7+ Ke8 51. Ke6 1-0

[Event "*** Titled Tuesday Blitz"]
[Site "Chess.com"]
[Date "2019.01.01"]
[Round "2"]
[White "volcanoexplorer"]
[Black "Bigfish1995"]
[Result "0-1"]
[WhiteElo "2352"]
[BlackElo "2907"]
[TimeControl "180+2"]
[EndTime "13:22:26 PST"]
[Termination "Bigfish1995 won by resignation"]

1. e4 c6 2. d4 d5 3. exd5 cxd5 4. Bd3 Nc6 5. c3 e6 6. Nf3 Bd6 7. O-O Qc7 8. Re1 Nge7 9. Nbd2 h6 10. Nf1 Bd7 11. Qe2 f6 12. b4 O-O 13.
Ng3 e5 14. b5 e4 15. bxc6 exd3 16. Qxd3 Bxc6 17. Nh4 Rae8 18. Bd2 Bd7 19. Re2 Qc4 20. Qxc4 dxc4 21. Rae1 g5 22. Nf3 Nd5 23. Ne4 Ba3 24. h3 b6 25. Ng3 Rxe2 26. Rxe2 Re8 27. Rxe8+ Bxe8 28. Nf5 Bg6 29. Ne3 Nxe3 30. Bxe3 Bb1 31. d5 Bxa2 32. Nd4 a6 33. Nc6 b5 34. Kf1 Kf7 35.
Ke2 Bb1 36. Kd2 Be4 37. Nb8 Bxd5 38. Nxa6 Bxg2 39. Nc7 Bc6 40. Na6 Bd6 41. Nb4 Bxb4 42. cxb4 Bd7 43. h4 gxh4 44. Bxh6 Kg6 45. Bf4 Kf5 46. Ke3 Kg4 47. Bd6 Bc6 48. Bc7 Kh3 49. Bd8 Kg2 50. Bxf6 h3 51. Be5 h2 52. Bxh2 Kxh2 53.
f4 Bd7 54. Kd4 Kg3 55. Ke4 Kg4 0-1

[Event "*** Titled Tuesday Blitz"]
[Site "Chess.com"]
[Date "2019.01.01"]
[Round "2"]
[White "LawrenceTrent"]
[Black "Kacparov"]
[Result "0-1"]
[WhiteElo "2511"]
[BlackElo "2708"]
[TimeControl "180+2"]
[EndTime "13:22:27 PST"]
[Termination "Kacparov won by resignation"]

1. e4 c5 2. b3 Nc6 3. Bb2 Nf6 4. e5 Nd5 5. Nf3 g6 6. h4 Bg7 7. h5 d6 8. Bb5 Bg4 9. Rh4 gxh5 10. Qe2 Nf4 11.
Qf1 a6 12. Bxc6+ bxc6 13. Nh2 Ng6 14. Rxg4 hxg4 15. Nxg4 h5 16. Ne3 Nxe5 17. Nc3 Qd7 18. O-O-O Ng4 19. Nc4 Qf5 20. f3 Ne5 21. Ne3 Qg6 22.
f4 Ng4 23. Nc4 O-O 24. f5 Qh6 25. Kb1 d5 26. Na5 e5 27. Bc1 e4 28. Na4 Rfe8 29.
Nxc5 Qf6 30. c3 Nh6 31. Qe2 Qxf5 32. Rf1 Qg4 33. Qf2 Qg6 34. Qe2 Ng4 35. Bb2 Ne5 36.
Rh1 Qg4 37. Qf1 Rac8 38. b4 Nd3 39. Nxd3 exd3 40. Qxd3 Qg6 41. Kc2 Re2 42. g3 c5 43.
a3 c4 44. Qxg6 fxg6 45. Rg1 Bh6 46. Bc1 Kh7 47. a4 Re6 48. Nb7 Bf8 49. Rf1 Kg7 50. Ba3 Be7 51. Nc5 Bxc5 52. bxc5 Rcc6 53. Rf2 Re4 54.
d3 Rg4 55. Rf3 cxd3+ 56. Kxd3 Rxa4 57. Bb2 Rc4 58. Ba3 Ra4 59. Bb2 Rxc5 60. c4+ Kg8 61.
Rf6 dxc4+ 62. Kd4 Rg5 63. Bc3 Rxg3 64. Rb6 Rxc3 65. Kxc3 Kh7 0-1

[Event "*** Titled Tuesday Blitz"]
[Site "Chess.com"]
[Date "2019.01.01"]
[Round "2"]
[White "PelinGorki"]
[Black "Opening_Prep"]
[Result "0-1"]
[WhiteElo "2498"]
[BlackElo "2403"]
[TimeControl "180+2"]
[EndTime "13:22:27 PST"]
[Termination "Opening_Prep won on time"]

1. e4 c5 2. Nf3 e6 3. d4 cxd4 4.
Nxd4 Nf6 5. Nc3 d6 6. g4 h6 7. Bg2 Be7 8. h4 h5 9. g5 Ng4 10. f3 Ne5 11. Be3 Nbc6 12. Qe2 a6 13. O-O-O Bd7 14. Nxc6 Bxc6 15. Bd4 Qa5 16. f4 Ng4 17. Bxg7 Rg8 18. Bd4 Rc8 19. Kb1 b5 20. Rhe1 b4 21.
Nd5 Bd8 22. f5 Bb5 23. Qf3 exd5 24. exd5+ Kd7 25. g6 Kc7 26. gxf7 Rf8 27. Re6 Bxh4 28. Qf4 Rcd8 29. Bc5 Rxf7 30. Bxd6+ Kb7 31. Bc5 Rdd7 32. d6+ Bc6 33. Bxc6+ Kxc6 34. Qe4+ Kxc5 35. Rd5+ Kb6 36. Rd4 Qc5 37. Rxb4+ Ka7 38. a4 Rxd6 39. Rc4 Rd1+ 40. Ka2 Qd5 41. Qe2 Rc7 42. b3 Rxc4 43. bxc4 Qd7 0-1

[Event "*** Titled Tuesday Blitz"]
[Site "Chess.com"]
[Date "2019.01.01"]
[Round "2"]
[White "xxysoul6"]
[Black "iLuusions"]
[Result "1-0"]
[WhiteElo "2903"]
[BlackElo "2570"]
[TimeControl "180+2"]
[EndTime "13:22:28 PST"]
[Termination "xxysoul6 won by resignation"]

1. d4 Nf6 2. c4 e6 3. g3 c5 4. Nf3 cxd4 5. Nxd4 d5 6. Bg2 e5 7. Nb3 d4 8. O-O Nc6 9. f4 e4 10. f5 Be7 11. e3 dxe3 12. Qxd8+ Bxd8 13. Bxe3 O-O 14.
Nc3 Re8 15. Nb5 Ng4 16. Bc5 b6 17. Nd6 Re5 18. h3 Nf6 19. Be3 Be7 20. Rad1 Bxd6 21. Rxd6 Bb7 22. g4 h6 23. Rfd1 Na5 24. Rd8+ Rxd8 25. Rxd8+ Kh7 26. Nxa5 Rxa5 27. a3 Re5 28.
Kf2 Re8 29. Rd6 Rc8 30. b3 Rc7 31. Kg3 Nd7 32. Kf4 g5+ 33. fxg6+ fxg6 34. Bd4 g5+ 35. Ke3 Nc5 36. b4 Nb3 37. Be5 Rf7 38. Bxe4+ Bxe4 39. Kxe4 a5 40. Rxb6 Nd2+ 41. Kd5 Rd7+ 42.
Ke6 Nxc4 43. Kxd7 Nxb6+ 44. Ke6 axb4 45. axb4 Kg6 46. b5 h5 47. Bd4 Nc4 48. b6 Na5 49.
Be3 hxg4 50. hxg4 Nb7 51. Kd7 Na5 52. Bd2 Nb7 53. Kc6 Nd8+ 54. Kc7 Ne6+ 55. Kc8 Nc5 56. b7 Na6 57. Bc3 Kf7 58. Kd7 Nc5+ 59. Kc6 Nxb7 60.
Kxb7 Ke6 61. Kc6 1-0

[Event "*** Titled Tuesday Blitz"]
[Site "Chess.com"]
[Date "2019.01.01"]
[Round "2"]
[White "kleinebeer98"]
[Black "oskariot"]
[Result "0-1"]
[WhiteElo "2696"]
[BlackElo "2534"]
[TimeControl "180+2"]
[EndTime "13:22:33 PST"]
[Termination "oskariot won by checkmate"]

1. e4 e6 2. d4 d5 3. Bd3 dxe4 4. Bxe4 Nf6 5. Bf3 c5 6. Ne2 Nc6 7. Be3 Nd5 8. Bxd5 Qxd5 9. Nbc3 Qxg2 10. Rg1 Qxh2 11. Bf4 Qh5 12. Nb5 e5 13. dxe5 Nxe5 14. Nc7+ Ke7 15. Bxe5 Qxe5 16. Nxa8 g6 17. Qd2 Bg7 18.
Qe3 Be6 19. Nc7 Qxc7 20. Nc3 Rd8 21. Ne4 Rd5 22. Rd1 Bd4 23. Rxd4 Rxd4 24. Qg5+ Kd7 25. Nxc5+ Kc8 26. Nxe6 Re4+ 27. Kd1 Rxe6 28. Kc1 h5 29. Rd1 Re8 30. a4 Re2 31. c3 Rxf2 32. Kb1 Re2 33.
a5 a6 34. Qd5 Re5 35. Qd4 Kb8 36. b4 Re8 37. Kb2 Ka8 38. Kb3 Qc6 39. c4 Qf3+ 40. Rd3 Qe4 41. Qd7 h4 42. b5 axb5 43. cxb5 Qe6+ 44. Qxe6 fxe6 45. Rd7 Rh8 46. Kb4 h3 47. Kc5 h2 48. Kb6 h1=Q 49. a6 bxa6 50. Kxa6 Qa1+ 51. Kb6 Qg1+ 52. Ka6 Rb8 53. Ra7+ Qxa7# 0-1

[Event "*** Titled Tuesday Blitz"]
[Site "Chess.com"]
[Date "2019.01.01"]
[Round "2"]
[White "TastyFrenchFries"]
[Black "Pakarma"]
[Result "1-0"]
[WhiteElo "2415"]
[BlackElo "2456"]
[TimeControl "180+2"]
[EndTime "13:22:36 PST"]
[Termination "TastyFrenchFries won by checkmate"]

1. Na3 d5 2. c4 e6 3. Nh3 Nf6 4.
d3 Be7 5. g3 O-O 6. Bg2 c5 7.
O-O Nc6 8. Nf4 Rb8 9. h4 b6 10. cxd5 exd5 11. Nb5 Bb7 12. a4 a6 13. Nc3 d4 14. Ne4 Nxe4 15. dxe4 Ne5 16. Nd5 f5 17. Qb3 c4 18. Qxb6 Qxb6 19. Nxb6 fxe4 20. Bf4 Rxf4 21. gxf4 Ng4 22. Nxc4 Bd5 23. Rac1 Bxh4 24. Nd6 Nf6 25. Nf5 g5 26. Ne7+ Kf8 27. Rc7 Rxb2 28. fxg5 Bxg5 29. Nxd5 Nxd5 30. Rc5 Nf4 31. Rxg5 Nxe2+ 32. Kh2 d3 33. Bxe4 d2 34. Rd5 Nc3 35. Rf5+ Ke7 36. Bf3 Rb4 37. Rc5 Nxa4 38. Re5+ Kf6 39. Rd5 Rb2 40. Rd1 Rb3 41. Kg2 Nc3 42. Rd6+ Ke5 43. R1xd2 a5 44. Ra6 a4 45.
Bc6 a3 46. Ra5+ Kf6 47. Rd6+ Ke7 48. Rh6 a2 49. Rxh7+ Kd6 50. Rh6+ Kc7 51. Bf3 Rb1 52.
Ra7+ Kb8 53. Ra8+ Kc7 54. Ra7+ Kb8 55. Rha6 Rb5 56. Ra8+ Kc7 57. R8a7+ Kb8 58. Re7 Rg5+ 59. Kf1 Rb5 60. Ra8# 1-0

[Event "*** Titled Tuesday Blitz"]
[Site "Chess.com"]
[Date "2019.01.01"]
[Round "2"]
[White "shnitez"]
[Black "GadimbayliA"]
[Result "0-1"]
[WhiteElo "2545"]
[BlackElo "2768"]
[TimeControl "180+2"]
[EndTime "13:22:38 PST"]
[Termination "GadimbayliA won by resignation"]

1. e4 e6 2. d4 d5 3. Bd3 dxe4 4. Bxe4 Nf6 5. Bf3 c5 6. Ne2 Nc6 7. Be3 cxd4 8. Nxd4 Nxd4 9. Qxd4 Be7 10. Nc3 O-O 11.
O-O Qa5 12. a3 Rd8 13. Qc4 Nd5 14. Nxd5 exd5 15. Qd3 Bf6 16. Bd4 Bf5 17. Qxf5 Bxd4 18. c3 Bf6 19. Rad1 Qb6 20. b4 d4 21. c4 Rab8 22. c5 Qb5 23. Be4 Kf8 24. Qxh7 Re8 25. Rfe1 g6 26. Bd5 Qd7 27. Bc4 Rxe1+ 28. Rxe1 d3 29. Rd1 Re8 30. g3 Qe7 31. Bxd3 Rd8 32.
Qh6+ Kg8 33. Qe3 Qxe3 34. fxe3 Bb2 35. Rb1 Rxd3 36. Rxb2 Rxe3 37. a4 Rc3 38. Kf2 Kf8 39. Ke2 Ke7 40. Kd2 Ra3 41. a5 Kd7 42. Kc2 Kc6 43.
b5+ Kxc5 44. a6 bxa6 45. bxa6 Rxa6 46. Kd3 Rd6+ 47. Kc3 a5 48. Rb7 f5 49. Kb3 Rb6+ 50. Rxb6 Kxb6 51. Ka4 Ka6 0-1

[Event "*** Titled Tuesday Blitz"]
[Site "Chess.com"]
[Date "2019.01.01"]
[Round "2"]
[White "Grootneus"]
[Black "Morshynska"]
[Result "0-1"]
[WhiteElo "2180"]
[BlackElo "2089"]
[TimeControl "180+2"]
[EndTime "13:22:38 PST"]
[Termination "Morshynska won by checkmate"]

1. e4 e5 2. Nf3 Nc6 3. Bb5 a6 4. Ba4 Nf6 5. d3 d6 6. c3 Bd7 7.
O-O g6 8. Nbd2 Bg7 9. Re1 O-O 10.
Nf1 Kh8 11. h3 Ng8 12. d4 Qe7 13. Ne3 f5 14. Nd5 Qd8 15. exf5 gxf5 16. Bg5 Qc8 17.
dxe5 dxe5 18. Bxc6 bxc6 19. Nb4 e4 20. Nh4 Rb8 21.
Rb1 a5 22. Nc2 c5 23. Ne3 Be6 24. Qh5 Qe8 25. Qxe8 Rbxe8 26. Red1 f4 27. Nd5 Rf7 28. g3 f3 29. Bf4 Bxh3 30. Nxc7 Rc8 31. Nd5 a4 32.
Re1 Re8 33. Nc7 Rc8 34. Nd5 Re8 35. c4 h5 36. Nc3 Bxc3 37. bxc3 a3 38. Rb3 Nf6 39.
Rxa3 Ng4 40. Ra6 e3 41. Bxe3 Nxe3 42. Rxe3 Rxe3 43. fxe3 f2+ 44. Kh2 f1=Q 45. Rh6+ Kg7 46. Rg6+ Kf8 47. Rc6 Rf2+ 48. Ng2 Qxg2# 0-1

[Event "*** Titled Tuesday Blitz"]
[Site "Chess.com"]
[Date "2019.01.01"]
[Round "2"]
[White "talento10"]
[Black "murmah2003"]
[Result "1-0"]
[WhiteElo "2548"]
[BlackElo "2726"]
[TimeControl "180+2"]
[EndTime "13:22:40 PST"]
[Termination "talento10 won by resignation"]

1. e4 c5 2. Nf3 d6 3. d4 cxd4 4. Nxd4 Nf6 5. Nc3 a6 6. Bg5 Nbd7 7. Qd2 Qa5 8. O-O-O b5 9. Nb3 Qc7 10. f3 Bb7 11. Kb1 g6 12. h4 h6 13. Be3 Bg7 14.
g4 Ne5 15. Be2 Rc8 16. g5 hxg5 17. hxg5 Nh5 18. Bd4 O-O 19. f4 Ng3 20. fxe5 dxe5 21. Bc5 Rfd8 22. Qe3 Nxh1 23. Rxh1 Qd7 24. Qf2 Qe6 25.
a3 Rc7 26. Qh4 Rcd7 27. Qh7+ Kf8 28. Nd5 Bxd5 29. exd5 Rxd5 30. Bb4 Qf5 31. Bd3 Rxd3 32. cxd3 Rxd3 33. Ka2 Qf3 34. Nc5 Qd5+ 35. Kb1 Rd1+ 36. Rxd1 Qxd1+ 37. Ka2 Qd5+ 38. Nb3 a5 39. Bxa5 e4 40. Qh2 Be5 41. Qc2 e3 42. Qc8+ Kg7 43.
Qc2 Bf4 44. Qe2 Qxg5 45. Bc3+ e5 46. Qxb5 Qg2 47. Bxe5+ Kh7 48. Bxf4 e2 49. Bd2 Qf1 50. Qe5 Kg8 51. Bc3 Kh7 1-0

[Event "*** Titled Tuesday Blitz"]
[Site "Chess.com"]
[Date "2019.01.01"]
[Round "2"]
[White "FightingChess"]
[Black "mouseWLZ"]
[Result "0-1"]
[WhiteElo "2124"]
[BlackElo "2311"]
[TimeControl "180+2"]
[EndTime "13:22:41 PST"]
[Termination "mouseWLZ won by resignation"]

1. e4 e6 2. d4 d5 3. Nd2 Be7 4. Bd3 c5 5. c3 Nc6 6. Ne2 dxe4 7.
Nxe4 cxd4 8. cxd4 Nf6 9. O-O O-O 10. Be3 Nd5 11. N2c3 b6 12. Nxd5 exd5 13. Nc3 Be6 14. f4 Bf6 15. f5 Bc8 16. Bb5 Ne7 17. Qd3 a6 18. Ba4 b5 19. Bb3 Re8 20. Rae1 Qd6 21.
Bf4 Qb6 22. Nxd5 Qxd4+ 23. Qxd4 Bxd4+ 24. Kh1 Ra7 25. Bd6 Bf6 26. Nxf6+ gxf6 27. Rf4 Rd7 28. Rg4+ Kf8 29. Bf4 Nxf5 30. Rxe8+ Kxe8 31. Rg8+ Ke7 32. Rxc8 Rd4 33. Bg3 h5 34. Rc1 h4 35. Re1+ Kf8 36. Bf2 Rd2 37. Bg1 Rxb2 38. Rf1 h3 39. gxh3 Nd6 40. Rxf6 Ke7 41. Rf1 Ne4 42. Rxf7+ Kd6 43. Rf4 Ke5 44. Rf1 a5 45. Be3 a4 46. Bg8 Re2 47.
Bb6 b4 48. Bc7+ Kd4 49. Rd1+ Kc3 50. Bb6 b3 51. axb3 axb3 52. Bd4+ Kc2 53. Rf1 b2 54.
Bxb2 Kxb2 55. h4 Nd2 56. Rg1 Kc3 57. h5 Nf3 58. Rc1+ Kb2 59. Rc2+ Rxc2 0-1